cohdb
Replays
Latest Replays
All Replays
Popular Replays
Top Player Replays
Match Explorer
How It Works
Community
CoH3 Stats
Reddit
Sign in to upload your games and track your stats! →
Sign in with Steam
Match 42127146
Unlisted
Match 42127146
Overview
Messages
Build Orders
End
Construct Barracks
Riflemen Squad
1⁄4-ton 4x4 Truck
Riflemen Squad
Riflemen Squad
Selects Heavy Weapons
Grenade Package
Infantry Support Center
Construct Weapon Support Center
M3 Armored Personnel Carrier
Construct Medical Station
Selects Assault Carriers
Selects Exchangeable Parts
Engineer Squad
M1918 Browning Automatic Rifles
Selects M2HB .50cal Heavy Machine Gun
Advanced Logistics
M3 Assault Carrier
M3 Assault Carrier
Survival Training
M1919 Machine Gun Team
Mortar Pit
M3 Assault Carrier
M3 Assault Carrier
Selects Towed M5 3-inch Anti-tank Gun
Selects M26 Pershing Heavy Tank
M26 Pershing Heavy Tank
Engineer Squad
M3 Assault Carrier
Ξ Striker
bigmac
DirtyDan
Daniel
Eggthar
Crazyperson
0
0
Comments
sign in to comment!
No comments posted yet!